 Dungeon Crawl Stone Soup version 0.23-a0-8-gb809bb7 (console) character file.

38 swinepaste the Ducker (level 3, 0/29 HPs)
             Began as a Demonspawn Monk on Aug 1, 2018.
             Succumbed to an adder's poison
             ... on level 2 of the Dungeon.
             The game lasted 00:01:56 (960 turns).

swinepaste the Ducker (Demonspawn Monk)              Turns: 960, Time: 00:01:57

Health: 0/29       AC:  2    Str: 10 (11) XL:     3   Next: 25%
Magic:  3/3        EV: 14    Int: 14 (16) God:
Gold:   76         SH:  0    Dex: 14 (16) Spells: 2/2 levels left

rFire    . . .     SeeInvis .   a - +0 falchion
rCold    . . .     Gourm    .   (no shield)
rNeg     . . .     Faith    .   b - +0 robe
rPois    .         Spirit   .   (no helmet)
rElec    .         Reflect  .   (no cloak)
rCorr    .         Harm     .   (no gloves)
MR       .....                  (no boots)
Stlth    ++........             (no amulet)
HPRegen  0.09/turn              (no ring)
MPRegen  0.08/turn              (no ring)

@: brilliant, lethally poisoned (0 -> -2)
A: spiny 1
a: no special abilities


You were on level 2 of the Dungeon.
You were not hungry.

You visited 1 branch of the dungeon, and saw 2 of its levels.

You collected 76 gold pieces.

Inventory:

Hand Weapons
 a - a +0 falchion (weapon)
Armour
 b - a +0 robe (worn)
Scrolls
 d - a scroll of random uselessness {unknown}
 e - a scroll of teleportation {unknown}
 f - a scroll of enchant armour {unknown}
Comestibles
 c - 3 rations
 h - 6 chunks of flesh


   Skills:
 + Level 3.4 Fighting
 - Level 2.6 Long Blades
 * Level 3.6 Dodging
 - Level 1.7 Stealth


You had 2 spell levels left.
You didn't know any spells.
Your spell library was empty.

Dungeon Overview and Level Annotations

Branches:
Dungeon (2/15)

Altars:


Innate Abilities, Weirdness & Mutations

You are partially covered in sharp spines.


Message History

You closely miss the adder.
The adder is almost dead.
The hobgoblin completely misses you.
It was a potion of brilliance.
You feel clever all of a sudden.
You feel sick. The adder bites you but does no damage. The hobgoblin hits you.
* * * LOW HITPOINT WARNING * * *
The hobgoblin hits you but does no damage.
You miss the adder.
The adder is almost dead.
The adder is struck by your spines.
You kill the adder!
The hobgoblin is struck by your spines. The hobgoblin hits you.
* * * LOW HITPOINT WARNING * * *
The hobgoblin misses you. x2
* * * LOW HITPOINT WARNING * * *
You feel sick.
* * * LOW HITPOINT WARNING * * *
You feel sick.
You die...

......................
....................#
............†.......
### .#.#..............#
...# #
#....#$....#...#....#
............g...#.....
##...........g.........
............g.........
....#.........6.......
..#.#.##.........##.
..#.#.##.............
...............#.##.##
..#.#.............. ..
..............#.##.# #
......................
..########.##..#.##.###
. #.##..........


You could see 3 hobgoblins.

Vanquished Creatures
  An adder (D:2)
  A dart slug (D:1)
  4 leopard geckos
  A bat (D:1)
  4 goblins (D:1)
  2 hobgoblins (D:1)
  5 kobolds (D:1)
  A quokka (D:2)
  3 frilled lizards
  2 rats
24 creatures vanquished.

Notes
Turn   | Place    | Note
-------+----------+-------------------------------------------
     0 | D:1      | swinepaste the Demonspawn Monk began the quest for the Orb.
     0 | D:1      | Reached XP level 1. HP: 18/18 MP: 1/1
   158 | D:1      | Gained mutation: You are partially covered in sharp spines. [demonic ancestry]
   158 | D:1      | Reached XP level 2. HP: 20/24 MP: 2/2
   919 | D:2      | Reached XP level 3. HP: 21/29 MP: 3/3
   953 | D:2      | HP: 1/29 [poisoned by an adder]
   960 | D:2      | Succumbed to an adder's poison

Vault maps used:
D:1:      dpeg_arrival_line_fractal, minmay_misc_feat_diagonals, st_stairs_6

Skill      XL: |  1 |
---------------+----+-----
Dodging        | 3 |  3.6
Fighting       | |  3.4
Long Blades    | |  2.6
Stealth        | |  1.7

Action                   || total
-------------------------++-------
Melee: Falchion          ||    38
  Use: Potion            ||     2
 Stab: Sleeping          ||     4
Armor: Robe              ||     6
Dodge: Dodged            ||    32
       Rpst.: Falchion   ||    14

Table legend:
 A = Spawn XP
 B = Non-spawn XP
 C = Spawn XP percentage of total XP
 D = Spawn monster count
 E = Non-spawn monster count
 F = Spawn count percentage of total count
 G = Total turns spent on level
                    A         B        C        D         E        F      G
               +---------+---------+-------+---------+---------+-------+---------
         Total |       0 |      55 |   0.0 |       0 |      24 |   0.0 |   960
               +---------+---------+-------+---------+---------+-------+---------
           D:1 |       0 |      35 |   0.0 |       0 |      19 |   0.0 |   886
           D:2 |       0 |      20 |   0.0 |       0 |       5 |   0.0 |    74
               +---------+---------+-------+---------+---------+-------+---------
